Cogmind - Beta 15 @@@ ROGUE MODE // 2025.09.15 @ 12:20:18 Player: shapeshifter Result: Destroyed by H-71 Marshal with Heavy Mass Driver Performance ------------- Evolutions (7) 3500 Regions Visited (27) 5400 Robots Destroyed (317) 1585 Value Destroyed (16902) 16902 Prototype IDs (244) 4880 Alien Tech Used (0) 0 Bonus (11818) 11818 TOTAL SCORE: 44085 Bonus ------- High Alert Combat Kills 2335 Follower Combat Kills 1416 Entered Garrisons 1200 Used RIF Installer 3500 Aligned with FarCom 300 Met Data Miner 300 Used Data Conduit 3000 Friendly Fire -233 Cogmind --------- Core Integrity 0/1300 Matter 5/300 Energy 100/100 System Corruption 14% Temperature Cool (0) Movement Core (50) Location -3/Armory Parts ------- > --- POWER (2) -------- (None) > --- PROPULSION (6) --- (None) > --- UTILITY (9) ------ Ghost Barrier Authchip [R/Combat] Authchip [R/Combat] > --- WEAPON (4) ------- (None) > --- INVENTORY (5) ---- Advanced Weapon Cycler Authchip [R/Combat] Relay Coupler [NC] (35) Improved Remote Datajack Improved Plasma Cutter Peak State ------------ > --- POWER ------------ Reinforced Antimatter Reactor Reinforced Quantum Reactor > --- PROPULSION ------- Improved Heavy Treads Improved Heavy Treads Improved Heavy Treads > --- UTILITY ---------- Power Amplifier Cargo Storage Unit Advanced Particle Charger Transmission Jammer Improved Phase Shifter Ghost Barrier Quantum Router > --- WEAPON ----------- Heavy Tesla Rifle Heavy Tesla Rifle Enhanced Hardcell Cannon Enhanced Hardcell Cannon > --- INVENTORY -------- Reinforced Deuterium Engine Heavy Siege Treads Huge Storage Unit Advanced Energy Well Advanced Energy Well Matter Compressor Improved Sensor Array Advanced Signal Interpreter Advanced Weapon Cycler Focal Shield Advanced Shield Generator Authchip [R/Combat] Authchip [R/Combat] Authchip [R/Combat] Authchip [R/Combat] Authchip [R/Combat] Authchip [R/Combat] Authchip [R/Combat] Authchip [R/Combat] Authchip [R/Combat] Authchip [R/Combat] Authchip [R/Combat] Relay Coupler [NC] Relay Coupler [Grunt] Improved Remote Datajack Improved Remote Datajack Improved Plasma Cutter [Rating: 149] Favorites ----------- Power Light Nuclear Core Engine Cooled Ion Engine Power Core Light Nuclear Core Reactor Reinforced Antimatter Reactor Propulsion Light Treads Treads Light Treads Leg Carbon-fiber Leg Wheel Armored Wheel Utility Huge Storage Unit Device Improved Heat Sink Storage Huge Storage Unit Processor Advanced Salvage Targeting Computer Hackware Ghost Barrier Protection Improved Medium Armor Plating Weapon Advanced Beam Rifle Energy Gun Advanced Beam Rifle Energy Cannon Enhanced Nova Cannon Ballistic Gun XL Autogun Subcomponent Ballistic Cannon Enhanced Hardcell Cannon Launcher Mini Grenade Launcher Special Weapon Remote Datajack Slashing Weapon Makeshift Axe Build | -11 -10 -9 -9 -9 -8 -8 -8 -8 -8 -7 -7 -7 -7 -6 -6 -6 -6 -6 -5 -5 -5 -5 -4 -4 -3 -3 -3 ------- Run | Yrd Mat Mat Min Exi Min Mat Gar Mat Gar Fac Low Low Dat Pro Fac Was Fac Ext Fac Gar Fac Gar Fac Gar Res Gar Arm Slots Evolved 14 | . . 2 . . . 2 . . . 2 . . . . 2 . . . 2 . . . 2 . 2 . . Power 1 | . . . . . . . . . . . . . . . . . . . 1 . . . . . . . . Propulsion 4 | . . . . . . 1 . . . . . . . . 1 . . . . . . . 2 . . . . Utility 7 | . . 1 . . . 1 . . . 1 . . . . 1 . . . 1 . . . . . 2 . . Weapon 2 | . . 1 . . . . . . . 1 . . . . . . . . . . . . . . . . . Parts Attached 235 | 7 5 26 . 5 1 17 18 4 19 3 3 3 21 3 5 . 12 9 7 22 6 6 9 . . 12 12 Power 29 | 1 1 3 . 1 . 2 . 1 3 . . . 3 . . . 2 2 1 6 . . . . . 2 1 Engine 16 | 1 1 3 . 1 . . . 1 1 . . . 1 . . . . 2 1 3 . . . . . 1 . Core 5 | . . . . . . 2 . . 2 . . . 1 . . . . . . . . . . . . . . Reactor 8 | . . . . . . . . . . . . . 1 . . . 2 . . 3 . . . . . 1 1 Propulsion 54 | 2 2 5 . 1 1 7 3 . 5 . 2 . 5 . 1 . 2 3 3 6 . 3 1 . . . 2 Treads 32 | 2 . 5 . 1 1 6 3 . 5 . 2 . . . . . . . . 2 . 3 1 . . . 1 Leg 18 | . . . . . . . . . . . . . 5 . 1 . 2 3 3 4 . . . . . . . Wheel 4 | . 2 . . . . 1 . . . . . . . . . . . . . . . . . . . . 1 Hover . | . . . . . . . . . . . . . . . . . . . . . . . . . . . . Flight . | . . . . . . . . . . . . . . . . . . . . . . . . . . . . Utility 80 | 2 1 8 . 1 . 6 7 1 9 1 1 2 7 3 4 . 2 2 2 4 2 1 3 . . 5 6 Device 39 | 1 . 5 . . . 3 2 . 5 . . 1 5 2 1 . 2 2 2 . 2 . 2 . . 3 1 Storage 8 | 1 1 1 . 1 . . 1 . . . 1 . . . . . . . . 1 . . 1 . . . . Processor 5 | . . . . . . 2 . . . 1 . . . . . . . . . 1 . . . . . 1 . Hackware 11 | . . . . . . . . 1 3 . . . . . 3 . . . . . . . . . . . 4 Protection 17 | . . 2 . . . 1 4 . 1 . . 1 2 1 . . . . . 2 . 1 . . . 1 1 Artifact . | . . . . . . . . . . . . . . . . . . . . . . . . . . . . Weapon 72 | 2 1 10 . 2 . 2 8 2 2 2 . 1 6 . . . 6 2 1 6 4 2 5 . . 5 3 Energy Gun 33 | . 1 6 . 1 . 1 5 2 2 2 . . . . . . 5 2 1 1 . . 4 . . . . Energy Cannon 10 | . . 3 . . . . . . . . . . . . . . . . . 3 . . . . . 4 . Ballistic Gun 12 | 2 . 1 . . . . 1 . . . . . 5 . . . . . . . . . . . . 1 2 Ballistic Cannon 6 | . . . . . . . . . . . . . . . . . . . . 2 1 2 1 . . . . Launcher 4 | . . . . 1 . 1 1 . . . . . . . . . 1 . . . . . . . . . . Special Weapon 6 | . . . . . . . 1 . . . . 1 . . . . . . . . 3 . . . . . 1 Impact Weapon . | . . . . . . . . . . . . . . . . . . . . . . . . . . . . Slashing Weapon 1 | . . . . . . . . . . . . . 1 . . . . . . . . . . . . . . Piercing Weapon . | . . . . . . . . . . . . . . . . . . . . . . . . . . . . Special Melee Weapon . | . . . . . . . . . . . . . . . . . . . . . . . . . . . . Unidentified Prototypes 10 | . . 3 . . . . . 2 . . . 1 1 . 3 . . . . . . . . . . . . Corrupted Parts 1 | . . . . . . . . . . . . . . . . . . . . . . . . . . . 1 System Corruption 9 | . . . . . . . . . . . . . . . . . . . . . . . . . . . 9 Parts Lost 94 | . 4 5 . . 1 3 3 1 7 . 3 4 10 1 . 1 6 8 5 9 . 3 1 2 . 3 14 Power 15 | . 1 . . . . 1 . 1 1 . . . 3 . . . 1 1 . 4 . . . 1 . . 1 Propulsion 28 | . 2 1 . . 1 1 2 . 2 . 2 1 2 . . . 3 3 3 1 . . . . . . 4 Utility 29 | . . 2 . . . 1 . . 3 . . 3 4 . . 1 . 1 1 2 . 1 1 1 . 2 6 Weapon 22 | . 1 2 . . . . 1 . 1 . 1 . 1 1 . . 2 3 1 2 . 2 . . . 1 3 Highest Loss Streak 10 | . 4 3 . . 1 2 1 1 3 . 2 3 7 1 . 1 2 2 4 3 . 2 1 1 . 3 10 To Critical Strikes 1 | . . . . . . . . . . . . . . . . . . 1 . . . . . . . . . Average Backups 18 | 3 4 12 15 18 18 20 20 20 20 17 16 13 13 20 19 20 20 15 15 19 19 19 19 26 27 27 22 Power 1 | . . 1 1 3 3 1 . . . . . . 1 2 2 2 . . 2 . . . . . . . . Propulsion 2 | 1 2 5 3 2 2 3 2 2 2 4 2 1 1 2 2 3 2 . . 1 4 2 . 1 1 1 . Utility 10 | . . 4 7 4 5 6 9 12 11 9 8 5 6 14 14 14 14 12 11 14 11 14 15 21 23 22 19 Weapon 3 | . . 2 4 6 7 9 7 6 5 3 3 3 2 . . . 2 . . 2 2 . 1 . . . . Tool/Special . | . . . . . . . . . . . . . . . . . . . . . . . . . . . . Unused Backups 74 | . . 8 . 3 . 3 12 2 2 . 3 4 2 . . . 5 . . 8 1 1 . . . 4 16 Power 7 | . . 2 . . . 3 1 . . . . 1 . . . . . . . . . . . . . . . Propulsion 10 | . . 6 . . . . 1 . . . . . . . . . . . . 3 . . . . . . . Utility 47 | . . . . 3 . . 7 1 2 . 3 3 1 . . . 3 . . 5 . 1 . . . 3 15 Weapon 8 | . . . . . . . 3 1 . . . . . . . . 2 . . . . . . . . 1 1 Tool/Special 2 | . . . . . . . . . . . . . 1 . . . . . . . 1 . . . . . . Average Slot Usage (%) 89 | . 98 96 100 76 99 98 93 99 98 99 92 80 66 95 97 92 95 95 92 89 86 81 70 74 66 66 52 Engine 4 | . 13 11 11 11 11 4 . 2 6 . . . . . . . . 2 10 2 5 5 5 3 . 2 3 Core 2 | . . . . . . 3 9 5 2 7 7 7 4 . . . . . . . . . . . . . . Reactor 2 | . . . . . . . . . . . . . 1 7 6 2 5 3 . 7 4 5 5 5 4 2 2 Treads 15 | . 25 20 22 22 21 25 24 27 25 23 22 17 9 . . . . . . 1 11 10 15 15 14 14 8 Leg 5 | . . . . . . . . . . . . . 10 23 25 25 23 23 21 15 . . . . . . . Device 14 | . 14 13 22 22 22 14 8 16 16 22 29 20 15 20 12 5 8 13 16 12 11 9 8 13 14 11 6 Storage 7 | . 14 11 11 11 11 9 9 9 9 7 7 7 7 7 6 6 6 6 5 5 5 5 5 5 4 4 3 Processor 2 | . . . . . . 8 8 . . . . . . . . . . . . 4 5 5 4 . . . . Hackware 5 | . . . . . . . . 1 2 . . . . . 12 20 20 20 17 11 11 11 10 10 9 9 8 Protection 4 | . . 7 . . . 3 10 9 8 6 . 4 5 9 6 5 2 . . 3 5 5 3 . . 2 3 Energy Gun 13 | . 1 11 33 9 33 26 11 18 24 29 23 15 . . . . 13 24 17 5 . . 3 14 9 4 . Energy Cannon 3 | . . 18 . . . . . . . . . . . . . . . . . 12 17 8 . . . 7 9 Ballistic Gun 3 | . 26 . . . . . 5 . . . . . 9 24 20 20 9 . . . . . . . . . . Peak Build Rating 149 | 7 7 20 20 27 28 38 51 43 42 48 46 58 86 85 101 108 113 102 100 133 124 127 141 139 135 149 138 Average Rating 63 | 4 6 13 20 17 27 34 42 42 40 45 44 51 58 79 96 98 97 90 93 119 121 116 120 135 135 134 99 On Entrance 68 | . 7 7 20 20 26 28 36 43 42 41 46 45 29 85 80 101 86 102 84 100 116 124 101 136 135 135 138 Naked Turns . | . . . . . . . . . . . . . . . . . . . . . . . . . . . . Heaviest Build 241 | 13 29 43 39 100 99 101 113 107 107 105 105 97 84 79 73 71 122 78 84 159 173 176 206 218 210 241 225 Greatest Support 225 | 40 40 43 43 43 40 68 69 60 60 60 60 60 88 84 104 104 116 95 80 150 150 150 225 225 225 225 225 Greatest Overweight (x) 8 | 1 1 1 . 2 4 8 8 1 2 1 2 1 1 . . . 2 1 1 1 1 1 . . . 1 6 Average Overweight (x) . | . . . . 1 2 1 2 1 1 1 . . . . . . . . . . 1 . . . . . 1 Largest Inventory Capacity 30 | 8 15 15 15 25 25 25 25 25 25 25 25 25 20 20 20 20 25 20 20 25 25 25 30 30 30 30 30 Average Capacity 22 | 7 9 15 15 24 25 25 25 25 25 25 23 20 20 20 20 20 21 20 20 20 25 25 25 30 30 30 24 Most Carried 30 | 5 6 15 15 25 25 25 25 25 25 25 23 25 20 20 20 20 25 17 20 25 25 25 25 30 28 30 30 Average Carried 20 | 3 4 12 15 19 22 24 24 24 24 21 22 18 17 19 19 20 20 15 15 20 24 23 21 27 28 29 23 Final Capacity 30 | 8 15 15 15 25 25 25 25 25 25 25 25 20 20 20 20 20 20 20 20 25 25 25 30 30 30 30 5 Final Carried 30 | 4 2 15 15 22 25 24 24 25 25 21 23 20 20 20 20 20 16 16 20 25 25 22 21 29 28 30 5 Class Distribution -------------------- 16% | Gunner 15% | Hacker-Tank 13% | Bothacker-Tank 10% | Wizard-Gunner 10% | Scavenger-Tank 7% | Mutant 6% | Bothacker-Gunner 5% | Scavenger-Gunner 3% | Hacker-Mutant Dominant Class ---------------- Mutant | -10/Materials Scavenger-Tank | -9/Materials Gunner | -9/Mines Mutant | -9/Exiles Gunner | -8/Mines Gunner | -8/Materials Bothacker-Gunner | -8/Garrison Bothacker-Tank | -8/Materials Bothacker-Tank | -8/Garrison Bothacker-Gunner | -7/Factory Scavenger-Gunner | -7/Lower Caves Scavenger-Tank | -7/Lower Caves Scavenger-Tank | -7/Data Miner Scavenger-Tank | -6/Proximity Caves Hacker-Tank | -6/Factory Wizard-Tank | -6/Waste Wizard-Gunner | -6/Factory Wizard-Gunner | -6/Extension Wizard-Gunner | -5/Factory Hacker-Tank | -5/Garrison Scavenger-Tank | -5/Factory Hacker-Tank | -5/Garrison Hacker-Mutant | -4/Factory Hacker-Tank | -4/Garrison Hacker-Tank | -3/Research Hacker-Tank | -3/Garrison Hacker-Mutant | -3/Armory Resources | -11 -10 -9 -9 -9 -8 -8 -8 -8 -8 -7 -7 -7 -7 -6 -6 -6 -6 -6 -5 -5 -5 -5 -4 -4 -3 -3 -3 ----------- Run | Yrd Mat Mat Min Exi Min Mat Gar Mat Gar Fac Low Low Dat Pro Fac Was Fac Ext Fac Gar Fac Gar Fac Gar Res Gar Arm Matter Collected 6690 | 236 126 393 . 56 161 155 385 80 278 53 74 90 402 580 53 . 706 270 85 857 . 515 159 153 . 756 67 Remotely . | . . . . . . . . . . . . . . . . . . . . . . . . . . . . Salvage Created 13931 | 15 274 1311 . 12 98 754 1242 273 1069 42 566 465 402 504 53 . 1565 738 186 2216 134 634 263 159 . 881 75 Parts 627 | 4 11 74 . . 14 41 66 15 48 2 26 20 23 22 6 . 62 20 10 69 10 29 18 7 . 27 3 Haulers Intercepted 8 | . . 4 . . . 1 . 1 . . . . . . . . 1 . . 1 . . . . . . . Recyclers Shooed 4 | . . 2 . . . . . . . . . . . . . . 2 . . . . . . . . . . Parts Field Recycled . | . . . . . . . . . . . . . . . . . . . . . . . . . . . . Retrieved Matter . | . . . . . . . . . . . . . . . . . . . . . . . . . . . . Parts Self-Destructed 61 | . . . . . . . . . . . 23 17 . 21 . . . . . . . . . . . . . Prevented 2 | . . . . . . . . . . . . 2 . . . . . . . . . . . . . . . Kills | -11 -10 -9 -9 -9 -8 -8 -8 -8 -8 -7 -7 -7 -7 -6 -6 -6 -6 -6 -5 -5 -5 -5 -4 -4 -3 -3 -3 ------- Run | Yrd Mat Mat Min Exi Min Mat Gar Mat Gar Fac Low Low Dat Pro Fac Was Fac Ext Fac Gar Fac Gar Fac Gar Res Gar Arm Combat Hostiles Destroyed 283 | . 6 29 . 7 8 19 27 6 29 1 9 12 4 10 1 . 22 11 5 33 2 15 7 4 . 14 2 Melee 1 | . . . . . . . . . . . . . . . . . . . . . . . 1 . . . . Guns 186 | . 5 11 . . 8 19 24 5 28 1 8 9 4 10 1 . 20 11 5 16 . . . . . 1 . Cannons 65 | . . 17 . . . . . . . . . . . . . . . . . 15 2 13 5 4 . 7 2 AOE 13 | . 1 . . 7 . . 3 . . . . . . . . . 2 . . . . . . . . . . Classes Destroyed 22 | 1 2 7 . 1 1 . 2 1 2 1 1 1 . . . . 1 . . 1 . . . . . . . Worker 5 | . . . . . 1 1 . 1 . . . . . . . . 2 . . . . . . . . . . Builder 2 | . . . . . . . . 1 . . . . . . . . 1 . . . . . . . . . . Tunneler 2 | 1 . . . . . . . . . . . . . . . . 1 . . . . . . . . . . Hauler 8 | . . 4 . . . 1 . 1 . . . . . . . . 1 . . 1 . . . . . . . Recycler 6 | . . 2 . . . . . . . . . . . . . . 3 1 . . . . . . . . . Mechanic 1 | . . . . . . . . . . . . . . . . . 1 . . . . . . . . . . Operator 4 | . 1 1 . . . . . . . . . . . . . . 1 . . . 1 . . . . . . Watcher 7 | . . 1 . . . 2 . 1 . . . . . . . . 1 1 . . . . 1 . . . . Swarmer 71 | . . 6 . . 8 7 3 4 9 . . 3 . 3 . . 3 . . 9 . 5 5 . . 4 2 Cutter 4 | . . . . . . . . . . . . . . . . . . . . 4 . . . . . . . Grunt 103 | . 6 13 . . . 7 14 2 12 . 7 3 . 2 . . 14 5 2 11 . . 1 . . 4 . Brawler 5 | . . 1 . . . . 1 . . . . . . 1 . . 1 . . . . 1 . . . . . Duelist 5 | . . 1 . . . 1 . . . . . 1 . 1 . . . . . . . 1 . . . . . Protector 1 | . . . . . . . . . 1 . . . . . . . . . . . . . . . . . . Sentry 41 | . . 8 . . . 4 5 . 4 . 1 1 . 1 . . 2 2 1 3 . 3 1 . . 5 . Demolisher 2 | . . . . . . . . . 1 . . . . . . . . . . 1 . . . . . . . Specialist 2 | . . . . . . . 1 . . . . 1 . . . . . . . . . . . . . . . Hunter 9 | . . . . . . . . . . 1 1 1 . . 1 . . 1 2 . . 2 . . . . . Programmer 21 | . . . . . . . 3 . 1 . . 1 . 1 . . 3 1 . 2 2 2 . 4 . 1 . Behemoth 7 | . . . . . . . . . . . 1 . . 1 . . . 1 . 3 . 1 . . . . . Enhanced Grunt 4 | . . . . . . . . . . . . . 4 . . . . . . . . . . . . . . Master Thief 1 | . . . . . . . . . . . . 1 . . . . . . . . . . . . . . . Assembled 7 | . . . . 7 . . . . . . . . . . . . . . . . . . . . . . . Thug 1 | . . . . . . . . . 1 . . . . . . . . . . . . . . . . . . Savage 2 | . . . . . . . . . . . . . . . . . . 1 1 . . . . . . . . Butcher 1 | . . . . . . . . . . . . . . . . . . 1 . . . . . . . . . Guerrilla 1 | . . . . . . . . . . . . . . . . . . 1 . . . . . . . . . Best Kill Streak 7 | 1 3 6 . 6 4 6 7 4 5 1 4 4 2 3 1 . 6 3 3 6 2 5 3 2 . 5 1 Combat Bots Only 7 | . 3 5 . 6 4 6 7 2 5 1 4 4 2 3 1 . 4 3 3 6 2 5 3 2 . 5 1 Max Kills in Single Turn 2 | 1 1 2 . 2 2 2 2 2 2 1 2 2 1 1 1 . 2 2 2 2 1 2 1 1 . 1 1 Gunslinging 1 | . . . . . 1 1 . . . . . . . . . . 1 . . . . . . . . . . Exploded 2 | . 1 . . 2 . . 2 . . . . . . . . . 1 . . . . . . . . . . Melee 1 | . . . . . . . . . . . . . . . . . . . . . . . 1 . . . . Uniques/NPCs Destroyed 1 | . . . . . . . . . . . . . 1 . . . . . . . . . . . . . . Data Miner (-7/Data Miner) Combat | -11 -10 -9 -9 -9 -8 -8 -8 -8 -8 -7 -7 -7 -7 -6 -6 -6 -6 -6 -5 -5 -5 -5 -4 -4 -3 -3 -3 -------- Run | Yrd Mat Mat Min Exi Min Mat Gar Mat Gar Fac Low Low Dat Pro Fac Was Fac Ext Fac Gar Fac Gar Fac Gar Res Gar Arm Hostile Shots Fired 1692 | . 64 147 . 27 52 81 68 11 148 6 32 88 58 71 3 1 136 67 37 153 7 118 46 30 . 103 138 Missed 519 | . 12 46 . 12 15 13 19 5 41 2 10 34 10 28 . . 45 25 8 56 . 35 14 14 . 41 34 Hits 1173 | . 52 101 . 15 37 68 49 6 107 4 22 54 48 43 3 1 91 42 29 97 7 83 32 16 . 62 104 Melee 18 | . . 4 . . . 2 . . . . . 6 . . . 1 . . . 3 . 1 . . . . 1 Projectile 1155 | . 52 97 . 15 37 66 49 6 107 4 22 48 48 43 3 . 91 42 29 94 7 82 32 16 . 62 103 AOE 14 | . . . . . 2 . . . 5 . . . . . . . . . 2 5 . . . . . . . Critical Strikes 26 | . . 4 . . . 1 . . 2 . . 1 . . . . 4 3 1 3 . 1 1 . . 3 2 Part Disruptions 2 | . . . . . . . . . . . . 1 1 . . . . . . . . . . . . . . Damage Taken 22573 | . 695 1147 . 266 383 845 887 67 1636 62 415 743 2181 663 47 36 1472 745 657 2214 133 1584 622 324 . 1472 3277 Core 3682 | . 132 193 . 11 47 95 47 . 231 18 40 54 356 79 . . 278 29 43 418 20 170 77 . . 297 1047 Absorbed by Shields 391 | . . . . . . . . . 60 . . . . . . . . . . 105 . . . 11 . 215 . Ignored by Resistances 78 | . . . . . . . 18 . . . . . . . 13 . 47 . . . . . . . . . . Core Remaining (%) 53 | 100 47 . . . 37 . . . 32 . . . . 21 . . . 63 . . . 34 . 93 . . . Volleys Fired 821 | 4 27 86 . 11 11 37 36 16 92 2 20 38 33 30 6 . 61 26 10 83 6 47 16 14 . 67 42 Largest 4 | 2 2 3 . 3 3 3 3 2 3 4 4 3 3 4 4 . 4 4 3 4 3 3 4 4 . 4 4 Hottest 480 | 40 60 189 . 189 189 189 189 165 207 244 244 183 60 80 90 . 300 300 225 405 330 330 280 280 . 480 480 Shots Fired 2142 | 8 53 212 . 16 35 105 161 28 232 8 51 70 64 106 15 . 215 97 30 260 16 123 33 30 . 120 54 Gun 1530 | 8 53 103 . 9 35 102 148 24 227 8 51 63 64 105 9 . 210 97 30 113 . . 7 12 . 49 3 Cannon 547 | . . 109 . . . . . . . . . . . . . . . . . 147 15 123 26 18 . 66 43 Launcher 36 | . . . . 7 . 3 13 1 . . . . . 1 6 . 5 . . . . . . . . . . Special 29 | . . . . . . . . 3 5 . . 7 . . . . . . . . 1 . . . . 5 8 Kinetic 634 | 8 51 15 . . . . 121 . . . . . 64 105 9 . 79 . . 30 . 56 26 18 . 49 3 Thermal 1351 | . . 191 . 9 35 102 11 24 227 8 51 63 . . . . 131 97 30 230 15 67 . . . 17 43 Explosive 36 | . . . . 7 . 3 13 1 . . . . . 1 6 . 5 . . . . . . . . . . Electromagnetic 92 | . 2 6 . . . . 16 . . . . . . . . . . . . . . . 7 12 . 49 . Robot Hit Streak 37 | 3 16 21 . 6 6 12 37 8 15 2 12 18 7 10 3 . 10 20 13 24 5 6 4 4 . 10 12 Robot Miss Streak 11 | 2 5 9 . 1 2 3 2 2 3 2 2 5 4 7 2 . 11 9 7 10 1 4 3 2 . 3 2 Penetration Max 1 | . . . . . . . 1 . . . . . . . . . . . . . . . . . . . . Secondary Targets 38 | . 3 2 . . 3 6 . . 6 . 1 1 1 2 . . 5 3 2 2 . . . . . 1 . Max Gunslinging Chain 2 | . 1 1 . . 1 2 . . 1 . 1 1 1 1 . . 1 1 1 1 . . . . . 1 . Autonomous 121 | . . . . . . . 121 . . . . . . . . . . . . . . . . . . . . Shots Hit Robots 1343 | 5 39 141 . 4 20 70 116 20 128 4 38 45 45 63 5 . 160 76 28 185 6 44 12 11 . 61 17 Core Hits 874 | 3 15 87 . 13 9 35 42 14 44 1 18 15 24 21 4 . 171 105 36 158 3 17 9 4 . 22 4 Critical Kills 6 | . . . . . . . . . . . . . . . . . . . . 3 . 2 . . . 1 . Critical Parts Destroyed . | . . . . . . . . . . . . . . . . . . . . . . . . . . . . Critical Strikes 51 | . . 1 . . . 6 . 4 18 1 3 5 . . . . . . . 4 . 5 . 1 . 3 . Burn 39 | . . 1 . . . 6 . 4 18 1 3 5 . . . . . . . 1 . . . . . . . Meltdown 6 | . . . . . . . . . . . . . . . . . . . . 3 . 2 . . . 1 . Blast 6 | . . . . . . . . . . . . . . . . . . . . . . 3 . 1 . 2 . Melee Attacks 10 | . . . . . . . . . . . . . 10 . . . . . . . . . . . . . . Impact . | . . . . . . . . . . . . . . . . . . . . . . . . . . . . Slashing 10 | . . . . . . . . . . . . . 10 . . . . . . . . . . . . . . Piercing . | . . . . . . . . . . . . . . . . . . . . . . . . . . . . Sneak Attacks 1 | . . . . . . . . . . . . . 1 . . . . . . . . . . . . . . Combat Hostiles . | . . . . . . . . . . . . . . . . . . . . . . . . . . . . Follow-up Attacks . | . . . . . . . . . . . . . . . . . . . . . . . . . . . . Damage Inflicted 35253 | 44 422 2324 . 479 358 1239 3382 379 2473 92 911 870 1469 1457 151 . 3738 1894 913 6510 296 2150 515 627 . 2204 356 Guns 23675 | 44 342 1151 . . 358 1221 3220 379 2473 92 911 870 1405 1444 62 . 3359 1862 913 2325 . . 167 25 . 1026 26 Cannons 10060 | . . 1011 . . . . . . . . . . . . . . . . . 4185 285 2150 328 602 . 1178 321 Explosions 1394 | . 80 162 . 479 . 18 162 . . . . . . . 89 . 372 32 . . . . . . . . . Melee 64 | . . . . . . . . . . . . . 64 . . . . . . . . . . . . . . Ramming 60 | . . . . . . . . . . . . . . 13 . . 7 . . . 11 . 20 . . . 9 Kinetic 11386 | 44 315 99 . . . . 3150 . . . . . 1405 1444 62 . 1079 . . 630 . 1116 328 602 . 1086 26 Thermal 21161 | . 80 2025 . . 358 1221 53 379 2473 92 911 870 . . . . 2280 1894 913 5880 285 1034 . . . 92 321 Explosive 1282 | . . 162 . 479 . 18 162 . . . . . . . 89 . 372 . . . . . . . . . . Electromagnetic 1300 | . 27 38 . . . . 17 . . . . . . . . . . . . . . . 167 25 . 1026 . Impact . | . . . . . . . . . . . . . . . . . . . . . . . . . . . . Slashing 64 | . . . . . . . . . . . . . 64 . . . . . . . . . . . . . . Piercing . | . . . . . . . . . . . . . . . . . . . . . . . . . . . . Highest Corruption 14 | . . 3 3 3 3 . . . . . . 2 2 2 . 8 11 11 . 1 2 3 . 2 . . 14 Average Corruption 4 | . . 3 3 3 3 . . . . . . 1 2 2 . 8 8 11 . 1 1 2 . 1 . . 12 Corruption Purged . | . . . . . . . . . . . . . . . . . . . . . . . . . . . . Corruption Blocked . | . . . . . . . . . . . . . . . . . . . . . . . . . . . . Effects 252 | . . 29 . 27 21 . . . . . . 7 10 12 . . 39 49 . 9 8 14 . 5 . . 22 Message Errors 60 | . . 4 . 8 7 . . . . . . 2 2 2 . . 8 16 . 1 2 3 . 1 . . 4 Matter Fused 57 | . . 10 . 4 2 . . . . . . . 3 4 . . 8 13 . 2 2 2 . . . . 7 Heat Flow Errors 30 | . . 2 . 6 4 . . . . . . 1 1 1 . . 3 4 . 1 1 2 . 2 . . 2 Energy Discharges 31 | . . 3 . 3 3 . . . . . . 2 2 . . . 5 5 . 2 1 2 . 1 . . 2 Parts Rejected 4 | . . 1 . . . . . . . . . . . . . . 1 1 . . . . . . . . 1 Parts Fused 1 | . . . . 1 . . . . . . . . . . . . . . . . . . . . . . . Data Loss (minor) 31 | . . 5 . 3 3 . . . . . . 2 1 2 . . 6 2 . 1 1 3 . . . . 2 Data Loss (major) 10 | . . 2 . 1 . . . . . . . . 1 . . . 2 2 . 1 1 . . . . . . Misfires 14 | . . 2 . . 2 . . . . . . . . 3 . . 3 1 . . . . . 1 . . 2 Alerts 3 | . . . . . . . . . . . . . . . . . 1 1 . . . 1 . . . . . Misdirections 3 | . . . . . . . . . . . . . . . . . . 3 . . . . . . . . . Weapon Failures 8 | . . . . 1 . . . . . . . . . . . . 2 1 . 1 . 1 . . . . 2 Overload Shots . | . . . . . . . . . . . . . . . . . . . . . . . . . . . . Overflow Damage 472 | . . 27 . 13 . . 5 . . . . . . . . . 12 . . 74 61 85 28 107 . 29 31 Projectiles 441 | . . 26 . . . . . . . . . . . . . . . . . 74 61 85 28 107 . 29 31 Explosions 31 | . . 1 . 13 . . 5 . . . . . . . . . 12 . . . . . . . . . . Melee . | . . . . . . . . . . . . . . . . . . . . . . . . . . . . Knockbacks 14 | . . . . . . . . . . . . . . . . . . . . 2 . 6 1 3 . 2 . Impact . | . . . . . . . . . . . . . . . . . . . . . . . . . . . . Kinetic 14 | . . . . . . . . . . . . . . . . . . . . 2 . 6 1 3 . 2 . Secondary . | . . . . . . . . . . . . . . . . . . . . . . . . . . . . Self-Inflicted Damage 562 | . 36 . . 50 . . 155 . 69 . . . . . . . 133 . . . . . 115 . . . 4 Shots 14 | . 1 . . 2 . . 5 . 1 . . . . . . . 3 . . . . . 2 . . . . Rammed 4 | . . . . . . . . . . . . . . . . . . . . . 2 . 1 . . . 1 Targets Rammed 8 | . . . . . . . . . . . . . . 2 . . 1 . . . 2 . 2 . . . 1 Kicked 3 | . . . . . . . . . . . . . . 2 . . 1 . . . . . . . . . . Crushed 1 | . . . . . . . . . . . . . . . . . . . . . . . 1 . . . . Highest Temperature 708 | . 38 426 . 222 279 531 135 452 457 129 275 230 217 195 . . 461 498 383 552 246 544 132 215 . 632 708 Average Temperature 132 | . 12 114 . 75 112 134 39 101 107 69 80 90 62 29 . . 153 169 162 143 99 111 37 81 . 186 235 Received Heat Transfer 4300 | . 351 402 . 20 24 279 324 18 500 . 159 129 . 126 . . 501 183 177 340 45 84 18 . . 223 397 Effects 89 | . . 6 . . . 1 . 1 1 . 2 . . . . . 4 5 . 19 . 5 . . . 12 33 Shutdowns 23 | . . . . . . . . . . . . . . . . . . 3 . 6 . 1 . . . 5 8 Energy Bleed 16 | . . 3 . . . . . 1 . . . . . . . . 3 . . 3 . . . . . . 6 Interference 14 | . . 3 . . . . . . . . 2 . . . . . . . . 5 . . . . . 1 3 Matter Decay 5 | . . . . . . . . . . . . . . . . . . 1 . . . 1 . . . . 3 Short Circuit 9 | . . . . . . . . . . . . . . . . . . . . 2 . 2 . . . 3 2 Damage (minor) 8 | . . . . . . 1 . . 1 . . . . . . . 1 1 . 2 . 1 . . . . 1 Damage (major) 10 | . . . . . . . . . . . . . . . . . . . . . . . . . . 2 8 Damage (core) 4 | . . . . . . . . . . . . . . . . . . . . 1 . . . . . 1 2 Siege Activations . | . . . . . . . . . . . . . . . . . . . . . . . . . . . . Martial Activations . | . . . . . . . . . . . . . . . . . . . . . . . . . . . . Shielding Activations . | . . . . . . . . . . . . . . . . . . . . . . . . . . . . Robots Disrupted . | . . . . . . . . . . . . . . . . . . . . . . . . . . . . Combat Hostiles . | . . . . . . . . . . . . . . . . . . . . . . . . . . . . Robots Corrupted 6 | . . . . . . . . . . . . . . . . . . . . . . . 1 . . 5 . Combat Hostiles 6 | . . . . . . . . . . . . . . . . . . . . . . . 1 . . 5 . Parts Fried 9 | . . . . . . . . . . . . . . . . . . 1 . . . . . . . 8 . Impact Corruptions . | . . . . . . . . . . . . . . . . . . . . . . . . . . . . Robots Melted 10 | . . 1 . . . . . 1 1 . 1 . . . . . . . . 3 . 2 . . . 1 . Combat Hostiles 9 | . . 1 . . . . . 1 1 . 1 . . . . . . . . 2 . 2 . . . 1 . Parts Melted 60 | . . 6 . . 1 4 . 1 21 1 6 1 . . . . . 1 . 13 1 3 . . . 1 . Heat Transferred 29128 | . 100 3868 . . 777 3034 111 1285 5857 222 1665 1850 . . . . 1895 1515 650 4891 261 814 . . . 74 259 Parts Sabotaged . | . . . . . . . . . . . . . . . . . . . . . . . . . . . . Parts Stolen 3 | . . . . . . . . . . . . 3 . . . . . . . . . . . . . . . Parts Stripped . | . . . . . . . . . . . . . . . . . . . . . . . . . . . . Power Chain Reactions 1 | . 1 . . . . . . . . . . . . . . . . . . . . . . . . . . Alert | -11 -10 -9 -9 -9 -8 -8 -8 -8 -8 -7 -7 -7 -7 -6 -6 -6 -6 -6 -5 -5 -5 -5 -4 -4 -3 -3 -3 ------- Run | Yrd Mat Mat Min Exi Min Mat Gar Mat Gar Fac Low Low Dat Pro Fac Was Fac Ext Fac Gar Fac Gar Fac Gar Res Gar Arm Maximum Alert Level 5 | . . 1 . . . 1 5 3 5 3 . . . . . . 2 1 . 3 2 3 2 2 1 2 1 Low Security (%) 35 | 100 100 76 100 . 100 69 8 . . . . . . . 100 100 28 70 100 18 . . . . . . 28 Level 1 15 | . . 23 . . . 30 19 . . . . . . . . . 36 29 . 13 . 8 . . 100 18 71 Level 2 18 | . . . . . . . 18 . 4 . . . . . . . 34 . . 23 100 10 100 100 . 81 . Level 3 18 | . . . . . . . 13 100 37 100 . . . . . . . . . 44 . 80 . . . . . Level 4 7 | . . . . . . . 29 . 30 . . . . . . . . . . . . . . . . . . Level 5 4 | . . . . . . . 10 . 27 . . . . . . . . . . . . . . . . . . High Security . | . . . . . . . . . . . . . . . . . . . . . . . . . . . . Max Security . | . . . . . . . . . . . . . . . . . . . . . . . . . . . . Peak Influence 1942 | 5 68 370 143 . 172 280 1857 930 1942 1019 . . . . 37 3 495 249 100 1051 617 1069 669 661 371 696 371 Initial 1019 | . . 21 143 . . 62 174 904 583 1019 . . . . . 3 . 233 100 11 551 356 560 437 371 270 365 Average 519 | . 6 114 140 . 9 124 842 849 1296 962 . . . . 11 1 293 111 50 620 562 822 607 524 366 543 238 Influence Increases 11712 | 5 164 951 . . 185 627 1713 298 1489 54 244 250 20 230 83 . 990 772 162 1170 148 763 265 244 . 596 289 Destroy 0b10 Robot/C 6070 | . 120 580 . . 160 380 580 140 620 40 200 220 20 200 20 . 560 440 100 720 40 345 105 60 . 255 165 Destroy 0b10 Robot/NC 219 | 5 5 40 . . 5 20 . 20 5 . . . . . . . 55 15 . 40 5 . 4 . . . . Destroy Leader 852 | . 20 170 . . 20 96 20 34 20 10 40 30 . 30 10 . 114 74 30 40 10 26 18 16 . 8 16 Allied During Kill 343 | . . . . . . . 22 45 23 4 4 . . . . . 28 134 . 16 3 16 . . . 8 40 Successful Hack 234 | . . 19 . . . 19 14 5 14 . . . . . . . 14 29 32 37 28 . . . . 23 . Select Force Hacks 60 | . . 60 . . . . . . . . . . . . . . . . . . . . . . . . . Disable Machine 384 | . . 30 . . . 60 15 15 75 . . . . . 15 . 75 15 . . . . 36 . . 36 12 Anti-Garrison Action 1990 | . . . . . . . 850 . 650 . . . . . . . . . . 200 . 138 . 76 . 76 . Destroy Structure 1101 | . 4 7 . . . 22 212 9 52 . . . . . 38 . 69 20 . 72 62 238 66 92 . 106 32 Partial Spotted 30 | . . 15 . . . . . . . . . . . . . . . . . 15 . . . . . . . Lose Combat Pursuer 429 | . 15 30 . . . 30 . 30 30 . . . . . . . 75 45 . 30 . . 36 . . 84 24 Influence Decreases 11504 | 5 112 635 235 133 25 519 124 1257 445 1063 694 519 234 230 74 9 513 1042 353 135 690 203 709 208 300 261 777 Entered New Map 5849 | . . 31 225 133 . 98 94 953 315 923 346 93 214 . . 6 . 244 107 5 500 153 509 188 290 91 331 Time Decay 4225 | 5 72 554 10 . 25 391 . 294 . 120 318 386 20 220 74 3 433 458 206 . 190 . 190 . 10 . 246 Lost Part 800 | . 40 50 . . . 30 30 10 70 . 30 40 . 10 . . 60 70 40 90 . 30 10 20 . 30 140 Lost Ally 480 | . . . . . . . . . 60 20 . . . . . . 20 120 . 40 . 20 . . . 140 60 Purge Threat 150 | . . . . . . . . . . . . . . . . . . 150 . . . . . . . . . Squads Dispatched 24 | . 1 5 . . . 3 . 1 . 1 . . . . 1 . 7 1 1 . 1 . . . . . 2 Investigation 9 | . 1 3 . . . 1 . . . 1 . . . . . . 2 . . . . . . . . . 1 Extermination 2 | . . . . . . . . . . . . . . . . . 2 . . . . . . . . . . Reinforcement 12 | . . 2 . . . 2 . . . . . . . . 1 . 3 1 1 . 1 . . . . . 1 Assault 1 | . . . . . . . . 1 . . . . . . . . . . . . . . . . . . . Garrison . | . . . . . . . . . . . . . . . . . . . . . . . . . . . . Intercept . | . . . . . . . . . . . . . . . . . . . . . . . . . . . . Searches Triggered . | . . . . . . . . . . . . . . . . . . . . . . . . . . . . Construction Impeded 2 | . . . . . . 1 . . . . . . . . 1 . . . . . . . . . . . . Haulers Reinforced 1 | . . . . . . . . . . . . . . . . . 1 . . . . . . . . . . Active Scanning Responses . | . . . . . . . . . . . . . . . . . . . . . . . . . . . . Cargo Convoy Interrupts . | . . . . . . . . . . . . . . . . . . . . . . . . . . . . Stealth | -11 -10 -9 -9 -9 -8 -8 -8 -8 -8 -7 -7 -7 -7 -6 -6 -6 -6 -6 -5 -5 -5 -5 -4 -4 -3 -3 -3 --------- Run | Yrd Mat Mat Min Exi Min Mat Gar Mat Gar Fac Low Low Dat Pro Fac Was Fac Ext Fac Gar Fac Gar Fac Gar Res Gar Arm Distress Signals 8 | . 1 4 . . . 1 . . . . . . . . . . . 2 . . . . . . . . . Communications Jammed . | . . . . . . . . . . . . . . . . . . . . . . . . . . . . Distress Signals . | . . . . . . . . . . . . . . . . . . . . . . . . . . . . Times Spotted 421 | . 12 42 . 4 9 27 26 14 43 2 9 14 4 10 1 5 39 29 8 41 5 21 9 4 . 21 22 Peak Tracking Total 11 | . 5 6 . 9 4 6 4 4 5 2 4 4 3 3 1 6 5 3 4 6 2 7 5 2 . 8 11 Tactical Retreats 20 | . 1 2 . . . 1 . 1 2 . . . . . . . 3 2 . 2 . . 2 . . 3 1 Traps | -11 -10 -9 -9 -9 -8 -8 -8 -8 -8 -7 -7 -7 -7 -6 -6 -6 -6 -6 -5 -5 -5 -5 -4 -4 -3 -3 -3 ------- Run | Yrd Mat Mat Min Exi Min Mat Gar Mat Gar Fac Low Low Dat Pro Fac Was Fac Ext Fac Gar Fac Gar Fac Gar Res Gar Arm Traps Triggered 33 | . 1 2 . . . 1 5 . 10 1 . . . . 1 . 2 . . 7 1 1 . . . 1 . Indirectly . | . . . . . . . . . . . . . . . . . . . . . . . . . . . . Trap Hack Attempts . | . . . . . . . . . . . . . . . . . . . . . . . . . . . . Triggered . | . . . . . . . . . . . . . . . . . . . . . . . . . . . . Disarmed . | . . . . . . . . . . . . . . . . . . . . . . . . . . . . Reprogrammed . | . . . . . . . . . . . . . . . . . . . . . . . . . . . . Reused . | . . . . . . . . . . . . . . . . . . . . . . . . . . . . Traps Extracted . | . . . . . . . . . . . . . . . . . . . . . . . . . . . . Installed . | . . . . . . . . . . . . . . . . . . . . . . . . . . . . Triggered . | . . . . . . . . . . . . . . . . . . . . . . . . . . . . Machines | -11 -10 -9 -9 -9 -8 -8 -8 -8 -8 -7 -7 -7 -7 -6 -6 -6 -6 -6 -5 -5 -5 -5 -4 -4 -3 -3 -3 ---------- Run | Yrd Mat Mat Min Exi Min Mat Gar Mat Gar Fac Low Low Dat Pro Fac Was Fac Ext Fac Gar Fac Gar Fac Gar Res Gar Arm Machines Disabled 65 | . . 2 . 7 . 4 6 1 12 . . 2 . . 1 . 5 3 . 3 . 6 3 3 . 6 1 Max in Single Turn 2 | . . 1 . 2 . 2 1 . 2 . . 2 . . 1 . 2 1 . 1 . 2 2 2 . 2 . Garrison Relay 14 | . . . . . . . 5 . 5 . . . . . . . . . . 2 . . . 1 . 1 . Phase Generator 4 | . . . . . . . . . 1 . . . . . . . . . . . . 1 . 1 . 1 . Energy Cycler 1 | . . . . . . . . . . . . . . . . . . 1 . . . . . . . . . Machines Repaired . | . . . . . . . . . . . . . . . . . . . . . . . . . . . . Machines Dismantled . | . . . . . . . . . . . . . . . . . . . . . . . . . . . . Machines Sabotaged . | . . . . . . . . . . . . . . . . . . . . . . . . . . . . Overloaded Fab Kills . | . . . . . . . . . . . . . . . . . . . . . . . . . . . . Hacking | -11 -10 -9 -9 -9 -8 -8 -8 -8 -8 -7 -7 -7 -7 -6 -6 -6 -6 -6 -5 -5 -5 -5 -4 -4 -3 -3 -3 --------- Run | Yrd Mat Mat Min Exi Min Mat Gar Mat Gar Fac Low Low Dat Pro Fac Was Fac Ext Fac Gar Fac Gar Fac Gar Res Gar Arm Machines Accessed 69 | . 3 8 . 2 . 3 2 5 3 . 1 . 3 . 2 . 6 9 7 3 3 1 2 . 1 3 2 Terminals 46 | . 3 4 . . . 2 2 4 3 . . . . . 1 . 4 9 4 3 2 1 1 . . 3 . Fabricators 3 | . . . . . . . . . . . . . . . . . 2 . . . . . . . . . 1 Repair Stations . | . . . . . . . . . . . . . . . . . . . . . . . . . . . . Recycling Units 6 | . . 2 . . . . . . . . . . . . 1 . . . 2 . . . . . . . 1 Scanalyzers 2 | . . 2 . . . . . . . . . . . . . . . . . . . . . . . . . Garrison Access 6 | . . . . . . 1 . 1 . . . . . . . . . . 1 . 1 . 1 . 1 . . Total Hacks 289 | . 8 21 . 2 . 7 2 9 4 . 1 . 25 . 6 . 30 92 42 7 14 2 5 . 1 7 4 Successful 155 | . 4 9 . 2 . 4 2 3 2 . 1 . 25 . 2 . 15 51 18 3 5 1 2 . 1 3 2 Failed 134 | . 4 12 . . . 3 . 6 2 . . . . . 4 . 15 41 24 4 9 1 3 . . 4 2 Catastrophic 31 | . 1 2 . . . . . 3 1 . . . . . 1 . 1 8 4 2 3 . 2 . . 1 2 Database Lockouts . | . . . . . . . . . . . . . . . . . . . . . . . . . . . . Manual 140 | . 8 9 . 1 . 6 . 5 . . . 1 . . 3 . 16 62 24 . 4 . 1 . . . . Terminals 227 | . 8 13 . . . 6 2 8 4 . . . . . 4 . 23 92 34 7 13 2 4 . . 7 . Fabricators 9 | . . . . . . . . . . . . . . . . . 7 . . . . . . . . . 2 Repair Stations . | . . . . . . . . . . . . . . . . . . . . . . . . . . . . Recycling Units 14 | . . 3 . . . . . . . . . . . . 2 . . . 7 . . . . . . . 2 Scanalyzers 5 | . . 5 . . . . . . . . . . . . . . . . . . . . . . . . . Garrison Access 6 | . . . . . . 1 . 1 . . . . . . . . . . 1 . 1 . 1 . 1 . . Terminal Hacks 109 | . . 3 . 2 . 3 2 2 2 . 1 . 25 . 1 . 5 45 8 3 2 1 1 . . 3 . Record 11 | . . . . 1 . . . . . . . . 6 . . . . 1 3 . . . . . . . . Part Schematic 15 | . . . . . . . . . . . . . 9 . . . . 6 . . . . . . . . . Robot Schematic 7 | . . . . . . . . . . . . . 7 . . . . . . . . . . . . . . Prototype ID Bank 30 | . . . . . . . . . . . . . 3 . . . 1 26 . . . . . . . . . Open Door 7 | . . . . . . . . . 1 . 1 . . . . . 1 3 . 1 . . . . . . . Level Access Points 2 | . . . . . . . . . . . . . . . . . . 1 . . . . 1 . . . . Branch Access Points 3 | . . 1 . . . . . . . . . . . . . . 1 1 . . . . . . . . . Emergency Access Points 5 | . . . . . . . 1 . . . . . . . . . . . . 1 1 1 . . . 1 . Unreport Threat 1 | . . . . . . . . . . . . . . . . . . 1 . . . . . . . . . Locate Traps 1 | . . . . . . . . . . . . . . . . . . 1 . . . . . . . . . Patrol Status 2 | . . . . . . . . . . . . . . . . . . 1 1 . . . . . . . . Investigation Status 1 | . . . . . . . . . . . . . . . . . . 1 . . . . . . . . . Hauler Manifests 2 | . . . . . . . . . . . . . . . . . . 1 1 . . . . . . . . Registered Components 4 | . . 1 . . . 1 . . . . . . . . . . 1 . 1 . . . . . . . . Registered Prototypes 2 | . . . . . . . . . . . . . . . . . . 1 1 . . . . . . . . Zone Layout 10 | . . 1 . . . 2 . 2 . . . . . . 1 . 1 1 1 . 1 . . . . . . Patrol Navigation 3 | . . . . . . . 1 . 1 . . . . . . . . . . . . . . . . 1 . Security Stations 2 | . . . . . . . . . . . . . . . . . . . . 1 . . . . . 1 . Proto ID Catalog 1 | . . . . 1 . . . . . . . . . . . . . . . . . . . . . . . Fabricator Hacks 7 | . . . . . . . . . . . . . . . . . 5 . . . . . . . . . 2 Network Status 1 | . . . . . . . . . . . . . . . . . 1 . . . . . . . . . . Load Schematic 3 | . . . . . . . . . . . . . . . . . 2 . . . . . . . . . 1 Build 3 | . . . . . . . . . . . . . . . . . 2 . . . . . . . . . 1 Repair Station Hacks . | . . . . . . . . . . . . . . . . . . . . . . . . . . . . Recycling Unit Hacks 3 | . . . . . . . . . . . . . . . 1 . . . 2 . . . . . . . . Retrieve Components 3 | . . . . . . . . . . . . . . . 1 . . . 2 . . . . . . . . Scanalyzer 3 | . . 3 . . . . . . . . . . . . . . . . . . . . . . . . . Insert Component 2 | . . 2 . . . . . . . . . . . . . . . . . . . . . . . . . Analyze 1 | . . 1 . . . . . . . . . . . . . . . . . . . . . . . . . Garrison Access Hacks 6 | . . . . . . 1 . 1 . . . . . . . . . . 1 . 1 . 1 . 1 . . Unlock Access 6 | . . . . . . 1 . 1 . . . . . . . . . . 1 . 1 . 1 . 1 . . Unauthorized Hacks 27 | . 4 3 . . . . . . . . . . . . . . 5 6 7 . 2 . . . . . . Terminals 25 | . 4 1 . . . . . . . . . . . . . . 5 6 7 . 2 . . . . . . Assimilate 1 | . . . . . . . . . . . . . . . . . . . 1 . . . . . . . . Botnet 11 | . 2 1 . . . . . . . . . . . . . . 2 3 2 . 1 . . . . . . Skim 13 | . 2 . . . . . . . . . . . . . . . 3 3 4 . 1 . . . . . . Fabricators . | . . . . . . . . . . . . . . . . . . . . . . . . . . . . Repair Stations . | . . . . . . . . . . . . . . . . . . . . . . . . . . . . Recycling Units 2 | . . 2 . . . . . . . . . . . . . . . . . . . . . . . . . Tunnel 2 | . . 2 . . . . . . . . . . . . . . . . . . . . . . . . . Scanalyzers . | . . . . . . . . . . . . . . . . . . . . . . . . . . . . Garrison Access . | . . . . . . . . . . . . . . . . . . . . . . . . . . . . Data Cores Recovered 2 | . 1 . . . . . . . . . . . . . . . . . . . 1 . . . . . . Used . | . . . . . . . . . . . . . . . . . . . . . . . . . . . . Hacking Detections 32 | . 3 4 . . . 1 . 3 1 . . . . . 1 . 5 5 4 . 2 1 1 . . . 1 Full Trace Events 4 | . . . . . . . . . 1 . . . . . . . 2 . . . . . . . . . 1 Feedback Events . | . . . . . . . . . . . . . . . . . . . . . . . . . . . . Feedback Blocked . | . . . . . . . . . . . . . . . . . . . . . . . . . . . . Robot Schematics Acquired 7 | . . . . . . . . . . . . . 7 . . . . . . . . . . . . . . Robots Built 6 | . . . . . . . . . . . . . . . . . 4 . . . . . . . . . 2 Authchips 1 | . . . . . . . . . . . . . . . . . . . . . . . . . . . 1 Time 281 | . . . . . . . . . . . . . . . . . 225 . . . . . . . . . 56 Total Robot Build Rating 36 | . . . . . . . . . . . . . . . . . 24 . . . . . . . . . 12 Part Schematics Acquired 16 | . . 1 . . . . . . . . . . 9 . . . . 6 . . . . . . . . . Parts Built . | . . . . . . . . . . . . . . . . . . . . . . . . . . . . Authchips . | . . . . . . . . . . . . . . . . . . . . . . . . . . . . Time . | . . . . . . . . . . . . . . . . . . . . . . . . . . . . Total Part Build Rating . | . . . . . . . . . . . . . . . . . . . . . . . . . . . . Parts Repaired . | . . . . . . . . . . . . . . . . . . . . . . . . . . . . Time . | . . . . . . . . . . . . . . . . . . . . . . . . . . . . Parts Recycled . | . . . . . . . . . . . . . . . . . . . . . . . . . . . . Recycled Matter . | . . . . . . . . . . . . . . . . . . . . . . . . . . . . Retrieved Matter . | . . . . . . . . . . . . . . . . . . . . . . . . . . . . Retrieved Components 7 | . . . . . . . . . . . . . . . 2 . . . 5 . . . . . . . . Parts Scanalyzed 2 | . . 2 . . . . . . . . . . . . . . . . . . . . . . . . . Part Schematics Acquired 1 | . . 1 . . . . . . . . . . . . . . . . . . . . . . . . . Parts Damaged 1 | . . 1 . . . . . . . . . . . . . . . . . . . . . . . . . Bothacking | -11 -10 -9 -9 -9 -8 -8 -8 -8 -8 -7 -7 -7 -7 -6 -6 -6 -6 -6 -5 -5 -5 -5 -4 -4 -3 -3 -3 ------------ Run | Yrd Mat Mat Min Exi Min Mat Gar Mat Gar Fac Low Low Dat Pro Fac Was Fac Ext Fac Gar Fac Gar Fac Gar Res Gar Arm Used RIF Installer 7 | . . . . . . . 1 . 1 . . . . . . . . . . 2 . 1 . 1 . 1 . Hotswap 1 | . . . . . . . . . . . . . . . . . . . . 1 . . . . . . . Threat Obfuscator 1 | . . . . . . . . . . . . . . . . . . . . . . 1 . . . . . Zone Cloak 1 | . . . . . . . . . . . . . . . . . . . . . . . . 1 . . . Patrol Navigation 1 | . . . . . . . . . . . . . . . . . . . . . . . . . . 1 . Structural Interface 1 | . . . . . . . . . 1 . . . . . . . . . . . . . . . . . . Autooverride 1 | . . . . . . . . . . . . . . . . . . . . 1 . . . . . . . Robots Hacked 5 | . . . . . . . . 2 3 . . . . . . . . . . . . . . . . . . Non-combat . | . . . . . . . . . . . . . . . . . . . . . . . . . . . . Combat 5 | . . . . . . . . 2 3 . . . . . . . . . . . . . . . . . . Robot Hacks Applied 6 | . . . . . . . . 3 3 . . . . . . . . . . . . . . . . . . find_garrison 1 | . . . . . . . . 1 . . . . . . . . . . . . . . . . . . . amplify_resonance 1 | . . . . . . . . 1 . . . . . . . . . . . . . . . . . . . formatsys_high 4 | . . . . . . . . 1 3 . . . . . . . . . . . . . . . . . . Relay Couplers Released 53 | . . . . . . . 18 . 18 . . . . . . . . . . 8 . . . 4 . 5 . Machine Destruction 53 | . . . . . . . 18 . 18 . . . . . . . . . . 8 . . . 4 . 5 . Attached 4 | . . . . . . . . 1 3 . . . . . . . . . . . . . . . . . . Fabnet Peak Effective % . | . . . . . . . . . . . . . . . . . . . . . . . . . . . . Robots Rewired 20 | . . . . . . . . . . . . . . . . . . 6 . 1 . . . . . 8 5 Allies Hacked 4 | . . . . . . . . . 1 . . . . . . . . 2 . . . . . . . . 1 Hacks Repelled 2 | . . . . . . . . . . . . . . . . . . 2 . . . . . . . . . Allies | -11 -10 -9 -9 -9 -8 -8 -8 -8 -8 -7 -7 -7 -7 -6 -6 -6 -6 -6 -5 -5 -5 -5 -4 -4 -3 -3 -3 -------- Run | Yrd Mat Mat Min Exi Min Mat Gar Mat Gar Fac Low Low Dat Pro Fac Was Fac Ext Fac Gar Fac Gar Fac Gar Res Gar Arm Total Allies 41 | . . . . . . . 2 1 4 . . . . . . 1 4 10 . 3 . . . . . 8 8 Largest Group 8 | . . . . . . . 2 3 3 2 1 . . . . 1 2 8 2 2 1 1 . . . 8 5 Highest-Rated Group 424 | . . . . . . . 51 67 67 30 15 . . . . 31 108 258 179 85 85 85 . . . 424 283 Highest-Rated Ally 159 | . . . . . . . 31 31 39 15 15 . . . . 31 54 159 159 85 85 85 . . . 64 89 Total Orders . | . . . . . . . . . . . . . . . . . . . . . . . . . . . . Ally Attacks 273 | . . . . . . . 5 17 24 7 3 . . . . 9 15 91 1 14 4 15 . . . 28 40 Total Damage 7745 | . . . . . . . 126 211 495 135 76 . . . . 84 619 2367 29 501 104 648 . . . 1180 1170 Kills 48 | . . . . . . . 2 1 3 1 1 . . . . . 6 12 . 4 . 6 . . . 3 9 Allies Corrupted . | . . . . . . . . . . . . . . . . . . . . . . . . . . . . Allies Melted . | . . . . . . . . . . . . . . . . . . . . . . . . . . . . Intel | -11 -10 -9 -9 -9 -8 -8 -8 -8 -8 -7 -7 -7 -7 -6 -6 -6 -6 -6 -5 -5 -5 -5 -4 -4 -3 -3 -3 ------- Run | Yrd Mat Mat Min Exi Min Mat Gar Mat Gar Fac Low Low Dat Pro Fac Was Fac Ext Fac Gar Fac Gar Fac Gar Res Gar Arm Active Infowar (turns) 2263 | 17 523 198 . . . 540 . . . . . . . . . . . . . . . . . . . 657 328 Optics 540 | . . . . . . 540 . . . . . . . . . . . . . . . . . . . . . Sensors 328 | . . . . . . . . . . . . . . . . . . . . . . . . . . . 328 Seismic 738 | 17 523 198 . . . . . . . . . . . . . . . . . . . . . . . . . Jamming 657 | . . . . . . . . . . . . . . . . . . . . . . . . . . 657 . Robot Analysis Total 151 | . . . . . . . . . . . . . 151 . . . . . . . . . . . . . . Derelict Logs Recovered 5 | . . . . . . . . . . . . 2 . 3 . . . . . . . . . . . . . Drone Launches . | . . . . . . . . . . . . . . . . . . . . . . . . . . . . Drone Recoveries . | . . . . . . . . . . . . . . . . . . . . . . . . . . . . Exploration | -11 -10 -9 -9 -9 -8 -8 -8 -8 -8 -7 -7 -7 -7 -6 -6 -6 -6 -6 -5 -5 -5 -5 -4 -4 -3 -3 -3 ------------- Run | Yrd Mat Mat Min Exi Min Mat Gar Mat Gar Fac Low Low Dat Pro Fac Was Fac Ext Fac Gar Fac Gar Fac Gar Res Gar Arm Turns Passed 23108 | 97 523 1667 26 1353 1288 1103 2568 645 2234 255 711 900 618 770 237 47 1141 1248 426 1799 395 687 391 450 37 955 537 Spaces Moved 9553 | 60 211 706 17 444 366 390 971 238 749 101 300 357 231 451 176 77 566 835 227 730 147 241 199 229 22 321 191 Core 75 | 25 . . . . . . . . . . . . . . . . . . . . . . . . . . 50 Treads 5996 | 35 188 651 17 444 366 343 795 238 749 101 300 357 82 . . . . . . 50 147 241 199 229 22 321 121 Legs 3161 | . . . . . . . . . . . . . 149 451 176 77 566 835 227 680 . . . . . . . Wheels 321 | . 23 55 . . . 47 176 . . . . . . . . . . . . . . . . . . . 20 Hover . | . . . . . . . . . . . . . . . . . . . . . . . . . . . . Flight . | . . . . . . . . . . . . . . . . . . . . . . . . . . . . Fastest Speed 45 | 50 105 105 160 160 320 210 210 240 240 240 160 160 45 120 120 45 105 100 112 112 240 160 160 160 160 160 50 Average Speed 193 | 117 154 177 160 294 321 233 237 240 249 240 211 214 152 120 120 57 127 116 160 169 240 207 160 160 160 194 191 Slowest Speed 480 | 160 160 240 160 320 480 240 320 240 320 240 320 240 240 120 120 120 260 190 195 240 240 240 160 160 160 240 255 Overloaded Moves 68 | . . . . . . . . . . . . . 11 . . 57 . . . . . . . . . . . Propulsion Burnouts . | . . . . . . . . . . . . . . . . . . . . . . . . . . . . Robots Hopped . | . . . . . . . . . . . . . . . . . . . . . . . . . . . . Potential Cave-ins 23 | . . . . . . . . . . . . . . . . . . . . . . . . . . 7 16 Cave-ins Triggered 2 | . . . . . . . . . . . . . . . . . . . . . . . . . . . 2 Exploration Rate (%) 42 | 5 40 71 7 65 80 39 96 31 93 4 48 50 81 65 6 76 14 79 7 83 5 43 6 43 1 38 18 Regions Visited 27 Branch Regions 9 Pre-discovered Areas 30 | . . 2 . 1 . . . . . . . . 27 . . . . . . . . . . . . . . Known Exits Taken 10 | . . 1 . . . 1 . 1 . . . . . 1 . . 1 1 1 . 1 . 1 . 1 . . Unknown Exits Taken 9 | 1 1 . 1 1 1 . . . . 1 1 1 1 . . . . . . . . . . . . . . Scrap Searched 9 | . . . . . 2 . . . . . 1 4 . 2 . . . . . . . . . . . . . Spaces Dug 43 | . . . . . . . . . . . . . . . 10 . . . . . 6 3 4 . . 2 18 Terrain Destroyed 874 | . 3 2 . 46 . 17 139 10 70 . . . . 8 44 . 61 13 . 29 8 199 33 74 . 83 35 Melee . | . . . . . . . . . . . . . . . . . . . . . . . . . . . . Projectile 168 | . . . . . . . 21 . . . . . . . . . . . . 29 8 33 13 1 . 28 35 AOE 706 | . 3 2 . 46 . 17 118 10 70 . . . . 8 44 . 61 13 . . . 166 20 73 . 55 . Terrain Rammed . | . . . . . . . . . . . . . . . . . . . . . . . . . . . . Walls Destroyed . | . . . . . . . . . . . . . . . . . . . . . . . . . . . . Machines Disabled . | . . . . . . . . . . . . . . . . . . . . . . . . . . . . Actions | -11 -10 -9 -9 -9 -8 -8 -8 -8 -8 -7 -7 -7 -7 -6 -6 -6 -6 -6 -5 -5 -5 -5 -4 -4 -3 -3 -3 --------- Run | Yrd Mat Mat Min Exi Min Mat Gar Mat Gar Fac Low Low Dat Pro Fac Was Fac Ext Fac Gar Fac Gar Fac Gar Res Gar Arm Total 12806 | 79 366 957 16 477 455 509 1205 284 924 110 342 437 479 662 197 79 880 1045 266 1108 174 330 243 290 23 548 321 Wait 1459 | . 120 63 . . 68 36 104 8 16 . 7 14 148 171 3 . 190 142 2 157 4 24 . 29 1 103 49 Move 9529 | 59 210 705 16 443 365 389 970 238 748 100 299 356 230 450 176 76 565 834 226 729 147 240 199 228 22 320 189 Hop . | . . . . . . . . . . . . . . . . . . . . . . . . . . . . Pick Up 284 | 9 3 45 . 8 6 14 29 6 13 . 6 10 25 2 2 . 16 8 14 24 3 5 9 12 . 10 5 Fast Attach 55 | 2 . 3 . . . 2 5 4 4 . . . 2 2 2 . 7 . . 10 3 . 1 . . 6 2 Attach 162 | 5 4 17 . 3 1 9 8 1 8 4 2 4 18 2 2 . 11 9 9 9 1 5 9 3 . 6 12 Detach 19 | . . . . 3 . . . . . . . 2 3 . 1 . . 1 . 3 . . 2 . . 1 3 Swap 100 | . 1 10 . 4 2 8 11 3 12 2 4 2 6 . 3 2 11 4 2 7 3 1 1 . . 1 . Drop 214 | . 1 28 . 5 2 14 32 8 12 2 4 11 4 3 2 1 13 . 3 26 5 8 4 4 . 12 10 Fire 821 | 4 27 86 . 11 11 37 36 16 92 2 20 38 33 30 6 . 61 26 10 83 6 47 16 14 . 67 42 Melee 10 | . . . . . . . . . . . . . 10 . . . . . . . . . . . . . . Ram 1 | . . . . . . . . . . . . . . . . . . . . . . . . . . . 1 Kick 3 | . . . . . . . . . . . . . . 2 . . 1 . . . . . . . . . . Crush 4 | . . . . . . . . . . . . . . . . . . . . . 2 . 2 . . . . Escape Stasis 63 | . . . . . . . 10 . 19 . . . . . . . 5 . . 25 . . . . . 2 2 Rewire 82 | . . . . . . . . . . . . . . . . . . 21 . 35 . . . . . 20 6 Trap . | . . . . . . . . . . . . . . . . . . . . . . . . . . . . Miscellaneous . | . . . . . . . . . . . . . . . . . . . . . . . . . . . . Route ------- -11/Scrapyard -10/Materials -9/Materials (discovered 4 exits: *Mat / *Min x2 / Sto) -9/Mines -9/Exiles -8/Mines -8/Materials (discovered 2 exits: [*Fac] / Gar) -8/Garrison (discovered 3 exits: *Mat x3) -8/Materials (discovered 2 exits: [*Fac] / Gar) -8/Garrison (discovered 3 exits: [*Fac x3]) -7/Factory (discovered 2 exits: *Fac / *Low) -7/Lower Caves -7/Lower Caves (discovered 2 exits: Fac / *Dat) -7/Data Miner -6/Proximity Caves -6/Factory (discovered 3 exits: Fac / Low / Ext) -6/Waste -6/Factory (discovered 4 exits: *Low x2 / *Ext x2) -6/Extension (discovered 3 exits: *Fac x2 / Cet) -5/Factory -5/Garrison (discovered 2 exits: *Fac x2) -5/Factory (discovered 2 exits: Fac / Gar) -5/Garrison -4/Factory (discovered 5 exits: *Res x4 / Gar) -4/Garrison -3/Research -3/Garrison -3/Armory History --------- Turn | Location | Event 10 | -11/Scrapyard | Discovered new exit (range 14) 98 | -11/Scrapyard | Entered Materials 311 | -10/Materials | Build established: Mutant 430 | -10/Materials | Discovered new exit (range 16) 596 | -10/Materials | Core integrity fell below 50% 618 | -10/Materials | Lost 4 parts (1p2n1w) 621 | -10/Materials | Entered another Materials area 621 | -9/Materials | Evolved 2 slots: Utility x1, Weapon x1 1210 | -9/Materials | Discovered new exit (range 8) 1240 | -9/Materials | Build established: Scavenger-Tank 1325 | -9/Materials | Discovered new exit (range 7) 1555 | -9/Materials | Identified exit to Mines 1555 | -9/Materials | Identified exit to Storage 1813 | -9/Materials | Build established: Tank 2169 | -9/Materials | Lost 3 parts (1n1u1w) 2288 | -9/Materials | Entered Mines 2306 | -9/Mines | Deemed a non-threat by the Exiles lab entrance 2306 | -9/Mines | Discovered new exit (range 5) 2314 | -9/Mines | Entered Exiles 2356 | -9/Exiles | Met 8R-AWN 2453 | -9/Exiles | Build established: Gunner 2479 | -9/Exiles | Met EX-HEX 2679 | -9/Exiles | Met EX-BIN 2771 | -9/Exiles | Met EX-DEC 2784 | -9/Exiles | Learned location of Zion (-6) 2827 | -9/Exiles | Build established: Mutant 2995 | -9/Exiles | Aligned with FarCom system 2999 | -9/Exiles | Given EX-Vault access code 3072 | -9/Exiles | Opened EX-Vault 3095 | -9/Exiles | Found XL Autogun Array 3105 | -9/Exiles | Found AWS/Gauss 3122 | -9/Exiles | Found Potential Leg 3127 | -9/Exiles | Found Potential Leg 3192 | -9/Exiles | Warned to stay clear of 0b10 Research branches 3454 | -9/Exiles | Discovered new exit (range 10) 3577 | -9/Exiles | Attacked by the Exiles 3614 | -9/Exiles | Core integrity fell below 50% 3667 | -9/Exiles | Stole three prototypes: Potential Leg, AWS/Gauss, XL Autogun Array 3667 | -9/Exiles | Entered Mines 3777 | -8/Mines | Build established: Gunner 4096 | -8/Mines | Found DCF Scrap (13 items) 4884 | -8/Mines | Discovered new exit (range 11) 4955 | -8/Mines | Entered Materials 4955 | -8/Materials | Evolved 2 slots: Propulsion x1, Utility x1 5653 | -8/Materials | Discovered new exit (range 16) 6051 | -8/Materials | Identified exit to Garrison 6058 | -8/Materials | Entered Garrison 6326 | -8/Garrison | Triggered checkpoint 6472 | -8/Garrison | Garrison Relay disabled 6650 | -8/Garrison | Triggered checkpoint 6779 | -8/Garrison | Garrison Relay disabled 6862 | -8/Garrison | Discovered new exit (range 12) 6883 | -8/Garrison | Installed Relay Interface Framework 7000 | -8/Garrison | Triggered checkpoint 7248 | -8/Garrison | Triggered checkpoint 7251 | -8/Garrison | Triggered checkpoint 7277 | -8/Garrison | Triggered checkpoint 7315 | -8/Garrison | Destroyed 7 combat bots 7469 | -8/Garrison | Rescued a captive Derelict 7470 | -8/Garrison | Rescued a captive Derelict 7545 | -8/Garrison | Garrison Relay disabled 7575 | -8/Garrison | Discovered new exit (range 8) 7608 | -8/Garrison | Garrison Relay disabled 7614 | -8/Garrison | Build established: Bothacker-Gunner 8060 | -8/Garrison | Triggered checkpoint 8255 | -8/Garrison | Discovered new exit (range 15) 8362 | -8/Garrison | Garrison Relay disabled 8626 | -8/Garrison | Entered Materials 8626 | -8/Materials | Accompanied by 2 allies 8707 | -8/Materials | Build established: Bothacker-Tank 9026 | -8/Materials | First assault squad dispatched 9087 | -8/Materials | Discovered new exit (range 5) 9271 | -8/Materials | Identified exit to Garrison 9271 | -8/Materials | Entered Garrison 9271 | -8/Garrison | Accompanied by 3 allies 9466 | -8/Garrison | Garrison Relay disabled 9531 | -8/Garrison | P-60 Hacker assimilated allied 1A-3I5(g) 9647 | -8/Garrison | Triggered checkpoint 9708 | -8/Garrison | Lost 3 parts (1n1u1w) 9951 | -8/Garrison | Triggered checkpoint 10071 | -8/Garrison | Discovered new exit (range 12) 10088 | -8/Garrison | Expanded RIF knowledge: Structural Interface 10149 | -8/Garrison | Triggered checkpoint 10161 | -8/Garrison | Core integrity fell below 50% 10208 | -8/Garrison | Garrison Relay disabled 10325 | -8/Garrison | Phase Generator disabled 10471 | -8/Garrison | Discovered new exit (range 8) 10533 | -8/Garrison | Triggered checkpoint 10567 | -8/Garrison | Garrison Relay disabled 10613 | -8/Garrison | Rescued a captive Derelict 10703 | -8/Garrison | Garrison Relay disabled 10731 | -8/Garrison | Triggered checkpoint 10759 | -8/Garrison | Triggered checkpoint 10883 | -8/Garrison | Triggered checkpoint 10961 | -8/Garrison | Garrison Relay disabled 10991 | -8/Garrison | Triggered checkpoint 11216 | -8/Garrison | Discovered new exit (range 14) 11505 | -8/Garrison | Entered Factory 11505 | -7/Factory | Accompanied by 2 allies 11505 | -7/Factory | Evolved 2 slots: Utility x1, Weapon x1 11648 | -7/Factory | Build established: Bothacker-Gunner 11684 | -7/Factory | Discovered new exit (range 9) 11696 | -7/Factory | Discovered new exit (range 15) 11760 | -7/Factory | Entered Lower Caves 11760 | -7/Lower Caves | Accompanied by 1 ally 11837 | -7/Lower Caves | Spotted B-75 Beast 11845 | -7/Lower Caves | Destroyed B-75 Beast 11988 | -7/Lower Caves | Found Prototype Device 12084 | -7/Lower Caves | Build established: Scavenger-Gunner 12442 | -7/Lower Caves | Discovered new exit (range 13) 12471 | -7/Lower Caves | Entered another Lower Caves area 12479 | -7/Lower Caves | Learned Factory terminal intel 12480 | -7/Lower Caves | Encountered a Warlord checkpoint 12489 | -7/Lower Caves | Acquired the password to a Derelict Tinkerer's latest research 12549 | -7/Lower Caves | Found Prototype Special Weapon 12551 | -7/Lower Caves | Identified Molecular Deconstructor 12599 | -7/Lower Caves | Identified exit to Factory 12664 | -7/Lower Caves | Attracted the attention of an 0b10 checkpoint 12808 | -7/Lower Caves | Lost 3 parts (1n2u) 12970 | -7/Lower Caves | Spotted AI-K8E(f) 12971 | -7/Lower Caves | Spotted VV-1LK(f) 12972 | -7/Lower Caves | Encountered a Master Thief 12972 | -7/Lower Caves | Encountered a Master Thief 12973 | -7/Lower Caves | Spotted Q7-P2N(f) 12974 | -7/Lower Caves | Encountered a Master Thief 12974 | -7/Lower Caves | AWS/Gauss stolen by Master Thief 12977 | -7/Lower Caves | Imp. Ion Engine stolen by Master Thief 12993 | -7/Lower Caves | Molecular Deconstructor stolen by Master Thief 12995 | -7/Lower Caves | Destroyed AI-K8E(f) 13345 | -7/Lower Caves | Discovered new exit (range 5) 13371 | -7/Lower Caves | Entered Data Miner 13371 | -7/Data Miner | Discovered new exit (range 6) 13417 | -7/Data Miner | Met Data Miner 13475 | -7/Data Miner | Learned location of Section 7 (-2) 13475 | -7/Data Miner | Acquired the access code to Warlord's prototype stash 13523 | -7/Data Miner | Received God Mode back door access code from Data Miner 13570 | -7/Data Miner | Destroyed Data Miner 13571 | -7/Data Miner | Interfaced with the Data Conduit 13787 | -7/Data Miner | Found Prototype Hackware 13789 | -7/Data Miner | Found Prototype Hackware 13791 | -7/Data Miner | Found Prototype Hackware 13811 | -7/Data Miner | Lost 7 parts (2p2n3u) 13819 | -7/Data Miner | Core integrity fell below 50% 13864 | -7/Data Miner | Lost 3 parts (1p1u1w) 13989 | -7/Data Miner | Entered Proximity Caves 14151 | -6/Proximity Caves | Spotted B-75 Beast 14168 | -6/Proximity Caves | Build established: Scavenger-Tank 14197 | -6/Proximity Caves | Destroyed B-75 Beast 14234 | -6/Proximity Caves | Attracted the attention of an 0b10 checkpoint 14518 | -6/Proximity Caves | Learned 4 Factory zone layouts 14525 | -6/Proximity Caves | Received a Behemoth hack from an annoying Tinkerer 14752 | -6/Proximity Caves | Discovered exit to Factory (range 2) 14759 | -6/Proximity Caves | Entered Factory 14759 | -6/Factory | Evolved 2 slots: Propulsion x1, Utility x1 14760 | -6/Factory | Identified exit to Lower Caves 14760 | -6/Factory | Identified exit to Extension 14761 | -6/Factory | Identified exit to Factory 14762 | -6/Factory | Loaded intel: 250 machine locations 14763 | -6/Factory | Loaded intel: 28 terminal locations 14793 | -6/Factory | Identified Quantum Router 14795 | -6/Factory | Identified System Mapper 14931 | -6/Factory | Identified Ghost Barrier 14996 | -6/Factory | Sucked down chute 14996 | -6/Factory | Entered Waste 14997 | -6/Waste | Met a frightened Derelict 15011 | -6/Waste | EMP discharged 15015 | -6/Waste | Spotted C-40 Crusher 15023 | -6/Waste | Spotted C-40 Crusher 15027 | -6/Waste | Spotted C-40 Crusher 15028 | -6/Waste | Spotted C-40 Crusher 15032 | -6/Waste | Spotted C-40 Crusher 15035 | -6/Waste | Crushed by Compactor (1 part destroyed, 2 dropped) 15036 | -6/Waste | Discovered new exit (range 14) 15043 | -6/Waste | Entered Factory 15044 | -6/Factory | Loaded intel: 262 machine locations 15355 | -6/Factory | Fabricated P-70 Sage? 15444 | -6/Factory | Build established: Wizard-Tank 15893 | -6/Factory | Build established: Wizard-Gunner 16133 | -6/Factory | System corruption reached 10% 16173 | -6/Factory | Fabricated P-70 Sage? 16184 | -6/Factory | Entered Extension 16184 | -6/Extension | Accompanied by 2 allies 16185 | -6/Extension | Loaded intel: 26 machine locations 16230 | -6/Extension | Rescued a captive Derelict 16392 | -6/Extension | Identified exit to Cetus 16859 | -6/Extension | Spotted B-75 Beast 16878 | -6/Extension | Destroyed B-75 Beast 16893 | -6/Extension | Spotted B-75 Beast 16909 | -6/Extension | Disrupted transfer network 16915 | -6/Extension | Allies destroyed B-75 Beast 16932 | -6/Extension | Lost 3 allies 17003 | -6/Extension | P-60 Hacker assimilated allied LU-3NX(b) 17111 | -6/Extension | Rescued a captive Derelict 17113 | -6/Extension | Rescued a captive Derelict 17193 | -6/Extension | Rescued A7 17204 | -6/Extension | Lost 3 allies 17249 | -6/Extension | Energy Cycler disabled 17432 | -6/Extension | Entered Factory 17432 | -5/Factory | Accompanied by 2 allies (A7) 17432 | -5/Factory | Evolved 2 slots: Power x1, Utility x1 17433 | -5/Factory | Loaded intel: 267 machine locations 17737 | -5/Factory | Lost 4 parts (3n1w) 17854 | -5/Factory | Identified exit to Garrison 17858 | -5/Factory | Entered Garrison 17859 | -5/Garrison | Loaded intel: 36 machine locations 17871 | -5/Garrison | Expanded RIF knowledge: Autooverride 18021 | -5/Garrison | Spotted B-75 Beast 18040 | -5/Garrison | Destroyed B-75 Beast 18156 | -5/Garrison | Lost 3 parts (1p1n1w) 18426 | -5/Garrison | Rescued a captive Derelict 18428 | -5/Garrison | Rescued a captive Derelict 18474 | -5/Garrison | Discovered new exit (range 12) 18478 | -5/Garrison | Triggered checkpoint 18485 | -5/Garrison | Garrison Relay disabled 18567 | -5/Garrison | Spotted B-75 Beast 18569 | -5/Garrison | Destroyed B-75 Beast 18607 | -5/Garrison | Spotted B-90 Cyclops 18611 | -5/Garrison | Destroyed B-90 Cyclops 18691 | -5/Garrison | Rewired B-75 Beast 18729 | -5/Garrison | Build established: Hacker-Tank 18780 | -5/Garrison | Triggered checkpoint 18854 | -5/Garrison | Triggered checkpoint 18890 | -5/Garrison | Triggered checkpoint 18992 | -5/Garrison | Learned Factory security intel 19032 | -5/Garrison | Expanded RIF knowledge: Hotswap 19040 | -5/Garrison | Discovered new exit (range 14) 19066 | -5/Garrison | Triggered checkpoint 19119 | -5/Garrison | Garrison Relay disabled 19657 | -5/Garrison | Entered Factory 19657 | -5/Factory | Accompanied by 1 ally 19659 | -5/Factory | Loaded intel: 287 machine locations 19733 | -5/Factory | Discovered new exit (range 11) 20052 | -5/Factory | Identified exit to Garrison 20052 | -5/Factory | Entered Garrison 20052 | -5/Garrison | Accompanied by 1 ally 20053 | -5/Garrison | Loaded intel: 46 machine locations 20056 | -5/Garrison | Spotted Executioner 20122 | -5/Garrison | Phase Generator disabled 20345 | -5/Garrison | Expanded RIF knowledge: Threat Obfuscation 20395 | -5/Garrison | Core integrity fell below 50% 20405 | -5/Garrison | Spotted B-75 Beast 20416 | -5/Garrison | Destroyed B-75 Beast 20428 | -5/Garrison | Triggered checkpoint 20597 | -5/Garrison | Discovered new exit (range 9) 20739 | -5/Garrison | Entered Factory 20739 | -4/Factory | Evolved 2 slots: Propulsion x2 20740 | -4/Factory | Loaded intel: 254 machine locations 20826 | -4/Factory | Discovered new exit (range 12) 20829 | -4/Factory | Identified exit to Research 20874 | -4/Factory | Build established: Hacker-Mutant 21130 | -4/Factory | Identified exit to Garrison 21130 | -4/Factory | Entered Garrison 21131 | -4/Garrison | Loaded intel: 27 machine locations 21162 | -4/Garrison | Expanded RIF knowledge: Zone Cloak 21299 | -4/Garrison | Garrison Relay disabled 21386 | -4/Garrison | Triggered checkpoint 21397 | -4/Garrison | Build established: Hacker-Tank 21402 | -4/Garrison | Triggered checkpoint 21454 | -4/Garrison | Phase Generator disabled 21498 | -4/Garrison | Discovered exit to Research (range 12) 21580 | -4/Garrison | Entered Research 21580 | -3/Research | Evolved 2 slots: Utility x2 21581 | -3/Research | Loaded intel: 101 machine locations 21617 | -3/Research | Identified exit to Garrison 21617 | -3/Research | Entered Garrison 21618 | -3/Garrison | Loaded intel: 39 machine locations 21652 | -3/Garrison | H-XX Assembler disabled 21723 | -3/Garrison | Triggered checkpoint 21753 | -3/Garrison | Garrison Relay disabled 21991 | -3/Garrison | Lost 3 parts (2u1w) 22164 | -3/Garrison | Expanded RIF knowledge: Patrol Navigation 22255 | -3/Garrison | Triggered checkpoint 22257 | -3/Garrison | Triggered checkpoint 22292 | -3/Garrison | Learned Armory security intel 22384 | -3/Garrison | Phase Generator disabled 22408 | -3/Garrison | Discovered new exit (range 9) 22431 | -3/Garrison | Identified exit to Armory 22572 | -3/Garrison | Entered Armory 22572 | -3/Armory | Accompanied by 1 ally 22574 | -3/Armory | Loaded intel: 89 machine locations 22632 | -3/Armory | Crushed by falling debris 22668 | -3/Armory | System corruption reached 10% 22695 | -3/Armory | Lost 3 parts (1n2u) 22868 | -3/Armory | Spotted B-86 Titan 22907 | -3/Armory | Core integrity fell below 50% 22956 | -3/Armory | Crushed by falling debris 23011 | -3/Armory | Lost 3 allies 23069 | -3/Armory | Core integrity fell below 20% 23071 | -3/Armory | Fabricated P-70 Sage? 23102 | -3/Armory | Lost 10 parts (1p3n3u3w) 23109 | -3/Armory | Destroyed by H-71 Marshal with Heavy Mass Driver Last Messages --------------- 23066_ Centrium Wheel destroyed. 23066_ Extracted 40 energy. 23071_ >> FABRICATOR: Completed P-70 Sage? 23071_ Authchip [R/Combat] destroyed. 23073_ RIF reveals location of hidden door. 23074_ System corrupted: Energy discharge (-30). 23081_ Attempting to rewire X-87 Electro. 23081_ X-87 Electro rewired. 23083_ Attempting to rewire H-77 Assassin. 23084_ H-77 Assassin rewired. 23085_ Slug penetrates G-67 Veteran. 23086_ G-67 Veteran destroyed. 23093_ Attempting to rewire G-67 Veteran. 23096_ Reinforced Shell breached. 23098_ Slug penetrates G-73 Enforcer. 23098_ G-73 Enforcer destroyed. 23100_ G-67 Veteran system terminally corrupted. 23101_ Slug penetrates G-67 Veteran. 23106_ ALERT: Suspicious intruders detected, dispatching Cutter reinforcements to area. Map ----- +----------------------------------------------------+ | ?????????????????????????????????????????????????? | | ?????????????????????????????????????????????????? | | ?????????????????????????????????????????????????? | | ?????????????????????????????????????????????????? | | ?????????????????????????????????????????????????? | | ?????????????????????????????????????????????????? | | ?????????????????????????????????????????????????? | | ?????????????????????????????????????????????????? | | ?????????????????????????????????????????????????? | | ??????????????????????????????????????###????????? | | ??????????????????????????????????????# ???????? | | ??????????????????????????????????????# **???????? | | ????????????????????????###???????##### ** ??????? | | ????????????????????????# ????? " ** ####### | | ????????????????????????# #???????????# ** " !!!*[ | | ????????"???"????######?# ############# ** # !!!!! | | """"????"???"????# ?# ## #?????# !!!!! | | ???"????"???"????# !! = # ## #?????# | | ???"?????????????# !! # ## ![#?????# | | """"?????????????# !! + # """""%####### | | ?????????????????# # + """ " ="=%! | | ?????????????????# + # !%##### ## | | ?????????????????# ###### # [#???# ## | | ????????????????????????# # #???# ## | | ?????????????????######## %###+#######???###### | | ?????????? ee @l# ?????????????# | | ????????H? + ???????????# | | ?????????????############l # #??????????# | | ????????????????????????# l# #??????????#^ | | ????????????????????????# # #?????????? | | ????????????????????????# #########??????????#### | | ""T"""??????????????????# #?????????????????????? | | ""?"""??????????????????# #??"??????????????????? | | ????????????????????????# #??"??????????????????? | | ????????????????????????? #??"??????????????????? | | ????????????????????????? +??"??????????????????? | | ????????????????????????? #??"??????????????????? | | ????????????????????????? i#??"??????????????????? | | ????????????????????????? ???"??????????????????? | | ?????T??????????????????? ???"??????????????????? | | ?????????????"""T"""????? ??????????????????????? | | ?????????????????????????????????????????????????? | | ?????????????????????????????????????????????????? | | ?????????????????????????????????????????????????? | | ??????????"""??"""??"""??"""??"""??"""???????????? | | ??????????"""??"""??"""??"""??"""??"""???????????? | | ??????????"""??"""??"""??"""??"""??"""???????????? | | ??????????"""??"""??"""??"""??"""??"""???????????? | | ??????????"""??"""??"""??"""??"""??"""???????????? | | ?????????????????????????????????????????????????? | +----------------------------------------------------+ Best States ------------- Heat Dissipation 98 Coolant Potential 50 Energy Generation 48 Energy Capacity 575 Matter Stores 300 Matter Capacity 300 Sight Range 20 Robot Scan Range 15 Terrain Scan Density 10 Jamming Range 12 Power Amplification 20 Armor Coverage 600 Resistance: KI 20 Resistance: TH 10 Weapon Cycling 15 Melee Speed Boost 30 Phase Shifting 15 Evasion (%) 76 Targeting Accuracy 8 Recoil Reduction 6 Energy Filtering 30 Particle Charging 37 Salvage Targeting 3 Offensive Hacking 20 Defensive Hacking 45 Relay Coupler Types 1 Relay Coupler Value 28 Authchip Count 13 Item Schematics ----------------- Cld. Ion Engine | -9/Materials | Scanalyzed Combat Drone Bay | -7/Data Miner | Free Lgt. Regenerative Plating | -7/Data Miner | Free Cld. Cesium-ion Thruster | -7/Data Miner | Free Exp. Targeting Computer | -7/Data Miner | Free Imp. Lightning Gun | -7/Data Miner | Free Arm. Medium Treads | -7/Data Miner | Free Adv. Recoil Stabilizer | -7/Data Miner | Free Imp. Remote Datajack | -7/Data Miner | Free Imp. Focal Shield | -7/Data Miner | Free Weapon Mount | -6/Extension | Hacked Cld. VTOL Module | -6/Extension | Hacked Adv. Hacking Suite | -6/Extension | Hacked Graphene Brace | -6/Extension | Hacked Angular Momentum Engine | -6/Extension | Hacked Adv. Coolant Injector | -6/Extension | Hacked Robot Schematics ------------------ O-24 Administrator | -7/Data Miner | Free R-10 Processor | -7/Data Miner | Free M-28 Smith | -7/Data Miner | Free G-47 Trooper | -7/Data Miner | Free B-60 Warrior | -7/Data Miner | Free P-70 Sage | -7/Data Miner | Free M-22 Extractor | -7/Data Miner | Free Fabricated ------------ P-70 Sage | x2 | -6/Factory P-70 Sage | x2 | -6/Factory P-70 Sage | x2 | -3/Armory | Authchip Repaired ---------- Nothing Alien Tech Used ----------------- None Achievements -------------- Giant Slayer Challenges ------------ None Game ------ Seed ClaymoresSniperInterpreter Manual? 0 Play Time 03:05:11 Cumulative 288.8 hours Start 2025.09.13 @ 12:00:15 End 2025.09.15 @ 12:20:18 Sessions 29 Manual Loads 0 Difficulty Rogue Special Mode None Game No. 411 Rogue 411 Adventurer 0 Explorer 0 Win Type - Total 8 Types 5/0/1/2/0/0/0/0/0/0 Lore% 84 Gallery% 80 Achievement% 63 Wizard Run 0 Options --------- Layout 0 ASCII 0 Keyboard 0 Movement Mouse Keybinds 0 Fullscreen 1 Font 24/Smallcaps Map View 76x50 Zoom Use 0% Tactical HUD 1 Map Filters NONE Filters NONE Steam 1 RUN: f15306e8-66cc-40e6-95e6-036a47eebf90